Map: Tropic Shores

Players

Derogatory - Winner!

  • Race: Zerg Zerg
  • League: Diamond
  • Spawn Location: 5:00

MiniNuke - Winner!

  • Race: Zerg Zerg
  • League: Diamond
  • Spawn Location: 6:00

Timmy - Winner!

  • Race: Protoss Protoss
  • League: Diamond
  • Spawn Location: 5:00

JuLong - Winner!

  • Race: Zerg Zerg
  • League: Diamond
  • Spawn Location: 6:00

Ragen

  • Race: Protoss Protoss
  • Spawn Location: 12:00

louis

  • Race: Protoss Protoss
  • Spawn Location: 11:00

Infamous

  • Race: Protoss Protoss
  • League: Silver
  • Spawn Location: 0:00

Victor

  • Race: Protoss Protoss
  • Spawn Location: 12:00

VOD

Have the link to the VOD?

Description

Time

  • Played on: March 27, 2018, 9:36 a.m.
  • Length: 8:40
Show
View Real Time Build Order
Export as new Build Order

Derogatory Zerg - Winner!

Build Orders: Pool First 

Get SALT Encoding   

  12  0:02  Drone  
  13  0:14  Extractor  
  12  0:25  Spawning Pool  
  11  0:31  Drone  
  12  0:35  Drone  
  13  0:56  Overlord  
  13  0:59  Drone  
  14  1:14  Zergling x2  
  15  1:29  Zergling x2  
  15  1:30  Zergling x4  
  18  1:41  Zergling x2  
  19  1:58  Zergling x2  
  19  1:59  Queen  
  22  2:02  Hatchery  
  22  2:03  Zergling x2  
  22  2:17  Overlord  
  22  2:39  Drone  
  23  2:48  Metabolic Boost  
  23  2:53  Drone  
  24  3:00  Drone, Hatchery  
  24  3:05  Drone  
  25  3:14  Drone x3  
  28  3:22  Drone  
  28  3:23  Drone  
  30  3:28  Drone  
  30  3:32  Drone  
  32  3:36  Extractor  
  31  3:44  Roach Warren  
  30  3:49  Drone  
  30  3:51  Drone  
  30  3:53  Drone  
  33  4:08  Drone x2  
  33  4:09  Drone  
  36  4:17  Drone x4  
  36  4:21  Spore Crawler  
  39  4:27  Drone  
  39  4:28  Drone  
  41  4:38  Spore Crawler, Lair  
  41  4:43  Drone x2  
  42  4:57  Overlord x2  
  42  4:58  Overlord  
  42  5:16  Drone x7  
  42  5:17  Drone  
  42  5:20  Extractor  
  49  5:32  Drone x3  
  52  5:37  Drone  
  52  5:39  Drone x2  
  55  5:46  Overlord  
  55  5:54  Drone x5  
  55  5:55  Drone  
  61  6:04  Hydralisk Den  
  60  6:05  Spire  
  60  6:06  Drone x2  
  60  6:07  Drone  
  62  6:11  Extractor, Drone  
  62  6:12  Drone  
  62  6:16  Extractor  
  62  6:17  Roach  
  64  6:23  Roach  
  64  6:24  Roach x4  
  74  6:30  Overlord  
  74  6:44  Overlord x3  
  74  6:48  Overlord x2  
  74  6:51  Hydralisk x2  
  73  7:04  Hydralisk x5  
  73  7:05  Hydralisk  
  83  7:15  Hydralisk  
  83  7:16  Hydralisk  
  83  7:18  Hydralisk  
  89  7:29  Drone  
  90  7:32  Drone x5  
  90  7:33  Extractor  
  94  7:44  Hydralisk x3  
  94  7:57  Drone x2  
  94  7:58  Drone  
  94  7:59  Drone x3  
  94  8:01  Mutalisk  
  94  8:02  Mutalisk  
  98  8:12  Mutalisk x2  
Show
View Real Time Build Order
Export as new Build Order

MiniNuke Zerg - Winner!

Build Orders: 3 Hatch before Pool 

Get SALT Encoding   

  12  0:01  Drone  
  13  0:12  Drone  
  14  0:40  Hatchery  
  13  1:06  Drone  
  13  1:07  Hatchery  
  13  1:09  Drone  
  14  1:28  Spawning Pool  
  13  1:34  Overlord  
  13  1:55  Drone  
  13  1:56  Drone x3  
  17  2:03  Drone  
  18  2:15  Drone  
  18  2:16  Drone  
  20  2:24  Drone  
  20  2:25  Drone x2  
  23  2:32  Drone x2  
  25  2:39  Queen x2  
  29  2:46  Queen  
  31  2:54  Drone  
  31  2:55  Drone x2  
  34  2:59  Overlord  
  34  3:17  Drone x7  
  41  3:26  Drone  
  42  3:31  Overlord  
  42  3:33  Overlord  
  42  3:36  Overlord  
  42  3:46  Overlord  
  42  3:49  Queen  
  44  3:57  Drone x12  
  44  3:59  Drone  
  44  4:01  Drone  
  58  4:29  Drone x15  
  73  4:33  Extractor  
  72  4:39  Extractor  
  72  4:41  Extractor  
  72  4:43  Extractor x2  
  72  4:44  Extractor  
  67  4:49  Drone  
  67  4:50  Drone x4  
  72  4:55  Hatchery  
  71  5:14  Lair  
  71  5:36  Hatchery  
  70  5:52  Overlord x2  
  70  5:53  Overlord x6  
  70  5:54  Overlord x5  
  70  5:55  Overlord  
  70  6:01  Overlord  
  70  6:02  Overlord  
  70  6:14  Queen  
  72  6:22  Infestation Pit  
  72  6:25  Spire  
  70  6:26  Spire  
  70  6:31  Extractor  
  68  6:33  Extractor  
  67  6:40  Overseer  
  67  6:41  Overseer  
  67  7:01  Hive  
  67  7:02  Queen  
  69  7:42  Mutalisk  
  69  7:43  Mutalisk x15  
  101  7:44  Mutalisk  
  117  8:37  Hatchery  
Show
View Real Time Build Order
Export as new Build Order

Timmy Protoss - Winner!

Build Orders: Zealot Archon, Dark Templar Rush 

Get SALT Encoding   

  12  0:00  Probe  
  13  0:13  Probe  
  14  0:18  Pylon  
  14  0:25  Probe  
  15  0:37  Probe  
  15  0:39  Gateway  
  16  0:45  Assimilator  
  16  0:49  Probe (Chrono Boost)  
  17  0:59  Probe (Chrono Boost)  
  18  1:04  Pylon  
  18  1:06  Probe (Chrono Boost), Assimilator  
  20  1:19  Probe (Chrono Boost)  
  20  1:25  Probe (Chrono Boost)  
  20  1:26  Cybernetics Core  
  21  1:33  Probe  
  22  1:45  Probe  
  23  1:57  Probe  
  24  2:03  Twilight Council  
  24  2:04  Robotics Facility  
  24  2:07  Warp Gate (Chrono Boost)  
  25  2:20  Gateway  
  24  2:27  Gateway  
  24  2:32  Gateway  
  24  2:49  Pylon  
  24  2:51  Warp Prism  
  26  3:00  Dark Shrine  
  26  3:21  Pylon  
  26  3:55  Adept x2  
  28  3:56  Adept x2  
  34  4:23  Dark Templar x3  
  40  4:57  Dark Templar x2  
  40  5:12  Stalker  
  42  5:15  Adept  
  34  6:06  Dark Templar x2  
  38  6:13  Pylon x2  
  38  6:15  Probe  
  37  6:19  Pylon  
  37  6:20  Forge  
  37  6:23  Forge  
  33  6:27  Probe  
  34  6:47  Archon  
  34  7:21  Dark Templar x2  
  34  7:22  Dark Templar  
  36  7:30  Dark Templar  
  38  7:53  Warp Prism (Chrono Boost)  
  40  7:58  Dark Templar  
  40  8:00  Adept  
  40  8:02  Adept, Zealot  
  40  8:04  Probe  
Show
View Real Time Build Order
Export as new Build Order

JuLong Zerg - Winner!

Build Orders: Hatch First 

Get SALT Encoding   

  12  0:01  Drone  
  13  0:14  Overlord  
  13  0:18  Drone  
  14  0:32  Drone x2  
  16  0:55  Drone  
  16  0:56  Drone  
  18  1:00  Hatchery  
  18  1:03  Drone, Extractor  
  17  1:19  Spawning Pool  
  17  1:20  Drone  
  17  1:25  Drone  
  18  1:29  Drone  
  19  1:40  Drone  
  20  2:07  Queen  
  22  2:11  Queen  
  22  2:13  Metabolic Boost  
  22  2:15  Zergling x8  
  28  2:28  Overlord  
  28  2:29  Overlord  
  28  2:51  Drone  
  28  2:53  Drone  
  28  2:58  Drone  
  31  3:00  Drone  
  32  3:16  Lair  
  32  3:19  Extractor, Drone x2  
  33  3:21  Hatchery  
  33  3:22  Drone  
  33  3:27  Drone x2  
  35  3:36  Drone x3  
  35  3:39  Drone  
  39  3:41  Drone  
  39  3:44  Drone  
  39  3:46  Drone  
  42  3:50  Drone, Extractor  
  42  4:05  Drone  
  42  4:06  Drone  
  42  4:08  Overlord  
  44  4:12  Overlord x2  
  44  4:18  Spire  
  44  4:21  Drone  
  44  4:22  Overlord  
  44  4:26  Extractor  
  44  4:27  Overlord  
  44  4:28  Drone  
  44  4:30  Drone  
  45  4:32  Drone  
  46  4:49  Drone x3  
  46  4:51  Drone x2  
  46  4:52  Drone x4  
  55  4:56  Queen  
  57  5:22  Overlord x2  
  57  5:32  Mutalisk  
  57  5:33  Mutalisk x7  
  73  5:37  Zerg Flyer Weapons Level 1  
  73  5:39  Mutalisk  
  75  5:48  Mutalisk  
  77  5:54  Mutalisk  
  79  6:05  Mutalisk  
  81  6:11  Drone  
  81  6:12  Drone x7  
  81  6:15  Extractor  
  81  6:16  Drone x3  
  81  6:17  Drone x3  
  81  6:18  Extractor  
  89  6:46  Mutalisk x2  
  89  6:47  Mutalisk x3  
  97  7:01  Mutalisk  
  99  7:21  Mutalisk x2  
  99  7:22  Mutalisk  
  105  7:29  Overlord x3  
  105  7:30  Overlord  
  103  7:47  Mutalisk x3  
  103  7:48  Mutalisk  
  109  8:06  Mutalisk x2  
  113  8:13  Mutalisk  
Show
View Real Time Build Order
Export as new Build Order

Ragen Protoss 

Build Orders:  

Get SALT Encoding   

  12  0:02  Probe  
  13  0:14  Probe  
  13  0:21  Pylon  
  14  0:26  Probe  
  15  0:39  Probe  
  15  0:42  Gateway  
  16  0:45  Assimilator  
  16  0:51  Probe  
  17  1:02  Assimilator  
  17  1:03  Probe  
  18  1:15  Probe  
  19  1:27  Probe  
  20  1:33  Cybernetics Core  
  20  1:39  Probe  
  21  1:51  Probe  
  22  1:57  Nexus  
  22  2:03  Probe  
  23  2:14  Pylon  
  23  2:17  Pylon  
  23  2:25  Stargate  
  23  2:32  Probe, Assimilator  
  24  2:44  Probe  
  25  2:56  Probe  
  26  3:00  Assimilator  
  26  3:08  Probe  
  26  3:10  Stargate  
  27  3:15  Cybernetics Core  
  27  3:18  Probe  
  28  3:20  Probe  
  29  3:30  Probe  
  29  3:32  Probe  
  31  3:34  Void Ray  
  35  3:42  Probe  
  35  3:47  Probe  
  37  3:56  Probe  
  37  3:59  Probe  
  39  4:06  Void Ray  
  39  4:08  Probe  
  44  4:11  Probe  
  45  4:20  Probe  
  45  4:23  Probe  
  47  4:27  Void Ray  
  51  4:32  Probe  
  51  4:35  Probe  
  53  4:44  Probe  
  48  4:49  Oracle  
  43  4:59  Pylon  
  36  5:00  Pylon  
  30  5:15  Probe  
  21  5:42  Forge  
  17  5:56  Robotics Facility  
  16  6:47  Probe  
  13  6:59  Probe  
  6  7:12  Probe  
  4  7:24  Probe  
  5  7:36  Probe  
Show
View Real Time Build Order
Export as new Build Order

louis Protoss 

Build Orders: Cannon Rush 

Get SALT Encoding   

  12  0:03  Probe  
  13  0:27  Probe (Chrono Boost)  
  14  0:34  Pylon  
  14  0:37  Probe (Chrono Boost)  
  15  0:49  Pylon  
  15  0:58  Forge  
  15  1:06  Probe  
  16  1:16  Gateway  
  16  1:18  Probe  
  17  1:31  Probe  
  18  1:34  Photon Cannon  
  18  1:40  Photon Cannon  
  18  1:43  Probe  
  19  1:47  Photon Cannon  
  19  2:03  Probe (Chrono Boost)  
  20  2:10  Pylon  
  20  2:12  Assimilator  
  20  2:14  Probe (Chrono Boost)  
  21  2:17  Assimilator  
  21  2:19  Probe (Chrono Boost)  
  22  2:24  Zealot  
  22  2:29  Probe  
  25  2:51  Cybernetics Core  
  25  3:31  Pylon  
  25  3:37  Probe  
  26  3:49  Probe, Gateway  
  26  3:52  Robotics Facility  
  27  3:57  Photon Cannon  
  27  4:01  Probe  
  28  4:13  Probe  
  29  4:22  Warp Gate  
  29  4:25  Probe  
  29  4:56  Observer (Chrono Boost)  
  25  5:03  Photon Cannon  
  25  5:06  Photon Cannon  
  24  5:13  Observer (Chrono Boost)  
  14  5:22  Zealot (Chrono Boost)  
  12  5:28  Observer  
  9  5:40  Zealot (Chrono Boost)  
  12  5:50  Observer  
  12  6:06  Zealot  
  15  6:11  Observer  
  15  6:32  Pylon  
  15  6:33  Zealot  
  17  7:01  Zealot  
  19  7:28  Zealot  
Show
View Real Time Build Order
Export as new Build Order

Infamous Protoss 

Build Orders:  

Get SALT Encoding   

  12  0:01  Probe  
  13  0:13  Probe  
  14  0:22  Pylon  
  14  0:26  Probe  
  15  0:40  Probe  
  16  0:43  Gateway  
  16  0:52  Probe (Chrono Boost)  
  17  0:58  Assimilator  
  18  1:04  Probe (Chrono Boost)  
  18  1:13  Gateway  
  18  1:21  Probe  
  18  1:24  Assimilator  
  19  1:34  Pylon  
  19  1:41  Probe (Chrono Boost)  
  20  1:51  Probe (Chrono Boost)  
  21  1:56  Probe (Chrono Boost)  
  22  2:02  Pylon  
  22  2:09  Probe  
  23  2:22  Probe  
  24  2:27  Nexus  
  24  2:29  Pylon  
  24  2:31  Pylon  
  24  2:34  Probe  
  25  2:44  Forge  
  25  2:54  Cybernetics Core  
  25  2:59  Zealot  
  27  3:11  Probe  
  28  3:20  Pylon  
  28  3:27  Photon Cannon  
  28  3:41  Probe (Chrono Boost), Robotics Facility  
  30  3:49  Probe (Chrono Boost)  
  31  3:55  Probe (Chrono Boost)  
  31  4:06  Gateway  
  31  4:08  Gateway  
  31  4:09  Probe (Chrono Boost)  
  33  4:10  Twilight Council  
  33  4:15  Probe (Chrono Boost)  
  33  4:16  Warp Gate (Chrono Boost)  
  33  4:43  Gateway  
  33  4:50  Pylon  
  33  4:54  Shield Battery  
  33  5:00  Shield Battery  
  33  5:02  Pylon  
  33  5:03  Probe x2  
  35  5:07  Stalker  
  35  5:08  Stalker  
  39  5:15  Probe x2  
  40  5:37  Stalker  
  37  6:08  Observer (Chrono Boost)  
  35  6:31  Photon Cannon x2  
  35  6:51  Stalker x3  
  41  7:00  Shield Battery  
  41  7:02  Probe x2  
  41  7:08  Photon Cannon  
  39  7:14  Probe (Chrono Boost)  
  41  7:20  Probe (Chrono Boost)  
  45  7:24  Probe (Chrono Boost), Stalker x3  
  51  7:32  Stalker  
  44  7:48  Pylon  
  44  7:52  Immortal  
  44  7:56  Pylon, Probe  
  44  7:57  Probe  
  37  7:59  Pylon  
  37  8:02  Pylon  
  37  8:07  Stalker  
  37  8:31  Pylon  
  37  8:32  Probe (Chrono Boost)  
  37  8:34  Shield Battery  
Show
View Real Time Build Order
Export as new Build Order

Victor Protoss 

Build Orders:  

Get SALT Encoding   

  12  0:02  Probe (Chrono Boost)  
  14  0:14  Probe (Chrono Boost)  
  14  0:21  Probe (Chrono Boost)  
  15  0:48  Pylon  
  15  1:09  Gateway  
  15  1:15  Forge  
  15  1:27  Pylon  
  15  1:44  Probe  
  16  1:51  Photon Cannon  
  16  1:56  Probe  
  16  1:59  Photon Cannon  
  17  2:08  Probe  
  17  2:10  Photon Cannon  
  18  2:20  Probe  
  19  2:23  Assimilator  
  19  2:28  Assimilator  
  19  2:33  Probe  
  19  2:35  Nexus  
  20  3:05  Pylon  
  20  3:10  Probe  
  21  3:22  Probe  
  22  3:34  Probe  
  22  3:39  Cybernetics Core  
  23  3:45  Photon Cannon  
  23  3:47  Probe  
  24  3:50  Probe  
  25  3:59  Probe  
  25  4:02  Probe  
  27  4:14  Probe  
  28  4:26  Probe, Stargate  
  28  4:27  Stargate  
  28  4:30  Stargate  
  28  4:38  Probe  
  28  4:50  Probe  
  28  4:57  Photon Cannon  
  28  5:01  Pylon  
  28  5:02  Probe  
  29  5:21  Void Ray (Chrono Boost)  
Tags
 
Add a new tag
Caveats
  • Supply blocks, unpowered buildings, or Contaminate may cause inaccurate times.
  • Supply counts are checked every 10 seconds.